 Dungeon Crawl Stone Soup version 0.31-a0-408-gb642c7f9a3 (webtiles) character file.

Game seed: 178764261722336876

263 shakesphere1979 the Trooper (level 6, -8/56 HPs)
             Began as a Hill Orc Chaos Knight on July 28, 2023.
             Was a Plaything of Xom.
             Mangled by a chaos spawn (10 damage)
             ... summoned by Xom
             ... on level 2 of the Dungeon on July 29, 2023.
             The game lasted 00:08:01 (1458 turns).

shakesphere1979 the Trooper (Hill Orc Chaos Knight) Turns: 1458, Time: 00:08:02

Health: -8/56      AC:  5    Str: 17    XL:     6   Next: 19%
Magic:  6/6        EV: 11    Int: 12    God:    Xom [*.....]
Gold:   119        SH:  0    Dex: 10    Spells: 5/5 levels left

rFire   . . .        a - +0 hand axe (chaos)
rCold   . . .        (no shield)
rNeg    . . .        b - +2 leather armour
rPois   .            (no helmet)
rElec   .            (no cloak)
rCorr   .            (no gloves)
SInv    .            (no boots)
Will    .....        (no amulet)
Stlth   ++           (no ring)
HPRegen 0.29/turn    (no ring)
MPRegen 0.10/turn

%: no passive effects
@: weak-willed
A: no striking features
a: Renounce Religion


You were on level 2 of the Dungeon.
You worshipped Xom.
You were a special plaything of Xom.
You visited 1 branch of the dungeon, and saw 2 of its levels.

You collected 119 gold pieces.

Inventory:

Hand Weapons
 a - a +0 hand axe of chaos (weapon)
Missiles
 d - 3 curare-tipped darts
Armour
 b - a +2 leather armour (worn)
Scrolls
 g - a scroll of revelation {unknown}
 i - 5 scrolls of identify {unknown}
 j - a scroll of fear {unknown}
 k - a scroll of immolation {unknown}
 m - a scroll of torment {unknown}
Potions
 e - 4 potions of curing {unknown}
 h - a potion of cancellation {unknown}
 l - a potion of haste {unknown}
Miscellaneous
 c - a piece from Xom's chessboard (13/15) (quivered)


   Skills:
 + Level 5.5 Fighting
 - Level 4.0 Axes
 + Level 4.3 Armour
 - Level 1.4 Dodging
 + Level 2.4 Stealth


You had 5 spell levels left.
You didn't know any spells.
Your spell library contained the following spells:

 Spells                   Type           Power      Damage    Failure   Level
 Freeze                   Ice            0%         1d3       36%         1
 Frozen Ramparts          Ice            0%         1d1       75%         3
 Hailstorm                Conj/Ice       0%         3d3       75%         3


Dungeon Overview and Level Annotations

Branches:
Dungeon (2/15)

Altars:


Message History

You barely miss Sigmund.
Sigmund is moderately wounded.
Sigmund hits you with a +0 scythe.
You hit Sigmund. You drain Sigmund.
Sigmund is severely wounded.
You completely miss Sigmund.
Sigmund is severely wounded.
Sigmund casts a spell at you. The magic dart hits you.
You hit Sigmund.
Sigmund is almost dead.
You kill Sigmund!
Your piece from Xom's chessboard (13/15) has regained four charges.
Your Fighting skill increases to level 5!
Your Armour skill increases to level 4!
Your Stealth skill increases to level 2!
You have reached level 5!
You feel stronger.
You have reached level 6!
Things that are here:
a +0 scythe; a +0 robe "Time to have some fun!"
You barely miss the chaos spawn. You barely miss the ufetubus.
You hit the ufetubus. The ufetubus closely misses you. The ufetubus hits you.
The ufetubus barely misses you.
The ufetubus hits you but does no damage.
The chaos spawn hits you!
You are engulfed in flames!
* * * LOW HITPOINT WARNING * * *
As you read the scroll labelled BUSIMI SUGUSO, it crumbles to dust.
Magic quickly surges around you.
It was a scroll of vulnerability.
The ufetubus closely misses you.
The ufetubus hits you but does no damage.
The ufetubus closely misses you. x2
The ufetubus hits you but does no damage.
The ufetubus misses you.
The ufetubus hits you but does no damage.
The ufetubus barely misses you. The chaos spawn hits you!
* * * LOW HITPOINT WARNING * * *
The chaos spawn freezes you!
You die...

## # #####.# #.# #####
#. #)....# #.#
.........####.#.#.####
#.#
#######........_.....#
#.### ####.#.#.#..#.#
#.... #.......## #
##### #######.#
########5# .....45@4#
.#########


You could see an ice devil (summoned, weak-willed), a chaos spawn (summoned,
weak-willed) and 2 ufetubi.

Vanquished Creatures
  Sigmund (D:2)
  Natasha (D:2)
  Robin (D:2)
  An adder (D:2)
  3 worms (D:2)
  4 endoplasms (D:1)
  2 giant cockroaches (D:1)
  13 goblins
  4 hobgoblins
  4 quokkas (D:1)
  3 ball pythons
  4 bats
  A frilled lizard (D:1)
  4 kobolds
  5 rats
51 creatures vanquished.

Notes
Turn   | Place    | Note
-------+----------+-------------------------------------------
     0 | D:1      | shakesphere1979 the Hill Orc Chaos Knight began the quest
                  | for the Orb.
     0 | D:1      | Reached XP level 1. HP: 19/19 MP: 1/1
   159 | D:1      | Reached skill level 1 in Dodging
   226 | D:1      | Reached XP level 2. HP: 26/27 MP: 2/2
   273 | D:1      | Reached skill level 4 in Fighting
   285 | D:1      | Upgraded the game from 0.31-a0-365-gcf821cafb2 to
                  | 0.31-a0-408-gb642c7f9a3
   335 | D:1      | XOM: divination: detect items
   502 | D:1      | Reached XP level 3. HP: 33/33 MP: 3/3
   640 | D:2      | Noticed Robin
  1105 | D:2      | XOM: 2-stop teleportation journey
  1126 | D:2      | Reached skill level 1 in Stealth
  1126 | D:2      | Reached XP level 4. HP: 34/41 MP: 4/4
  1172 | D:2      | Killed Robin
  1304 | D:2      | Noticed Natasha
  1308 | D:2      | XOM: enchant monster (bad)
  1315 | D:2      | Killed Natasha
  1410 | D:2      | Found a faded altar of an unknown god.
  1410 | D:2      | Noticed Sigmund
  1415 | D:2      | XOM: 2-stop teleportation journey
  1418 | D:2      | XOM: 4-stop teleportation journey
  1446 | D:2      | Killed Sigmund
  1447 | D:2      | Reached skill level 5 in Fighting
  1447 | D:2      | Reached XP level 5. HP: 29/48 MP: 5/5
  1447 | D:2      | Reached XP level 6. HP: 33/56 MP: 6/6
  1456 | D:2      | XOM: summons 4 hostile demons
  1457 | D:2      | Noticed an ice devil
  1457 | D:2      | Noticed a chaos spawn
  1458 | D:2      | HP: 2/56 [chaos spawn[Xom] (7)]
  1458 | D:2      | Mangled by a chaos spawn

Illustrated notes

Levels and vault maps discovered:
D:1:      lemuel_arrival_room, layout_basic, kennysheep_another_room
D:2:      layout_loops_ring, chequers_ecumenical_altar_simple, serial_glass,
          glass_columns_a, glass_columns_a, uniq_natasha, uniq_robin,
          uniq_sigmund

Skill      XL: |  1  2  3  4 |
---------------+-------------+-----
Dodging        | 1 |  1.4
Fighting       | 4 5 |  5.5
Armour         | 3 4 |  4.3
Stealth        | 1 2 |  2.4
Axes           | |  4.0

Action                     |  1- 3 |  4- 6 || total
---------------------------+-------+-------++-------
  Melee: Hand axe          |   109 |    34 ||   143
  Evoke: Piece from Xom's  |       |     7 ||     7
    Use: Scroll            |       |     1 ||     1
   Stab: Confused          |       |     1 ||     1
 Armour: Leather armour    |    34 |     8 ||    42
  Dodge: Dodged            |    66 |    29 ||    95

Table legend: (Time is in decaauts)
 A = Elapsed time spent in this place.
 B = Non-inter-level travel time spent in this place.
 C = Inter-level travel time spent in this place.
 D = Time resting spent in this place.
 E = Time spent auto-exploring this place.
 F = Levels seen in this place.
 G = Mean time per level.
                   A        B        C        D        E       F      G
               +--------+--------+--------+--------+--------+-----+--------+
         Total |   1472 |   1454 |     18 |      0 |   1036 |   2 |  736.0 |
       Dungeon |   1472 |   1454 |     18 |      0 |   1036 |   2 |  736.0 |
               +--------+--------+--------+--------+--------+-----+--------+

Top non-repeatable levels by time:
     D:2: 745 daAuts
     D:1: 726 daAuts
